 Dungeon Crawl Stone Soup version 0.22.0-6-g71bd7aa (webtiles) character file.

96 Sqgman the Slasher (level 4, -1/35 HPs)
             Began as a Barachi Skald on Aug 14, 2018.
             Was a Follower of Sif Muna.
             Slain by Sigmund
             ... wielding a +0 scythe
              (10 damage)
             ... on level 3 of the Dungeon.
             The game lasted 00:14:38 (3178 turns).

Sqgman the Slasher (Barachi Skald)                  Turns: 3178, Time: 00:14:38

Health: -1/35      AC:  4    Str: 10 (12) XL:     4   Next: 67%
Magic:  5/7        EV: 12    Int: 13      God:    Sif Muna [*.....]
Gold:   131        SH:  0    Dex: 10 (11) Spells: 5/8 levels left

rFire    + . .     SeeInvis .   a - +0 falchion
rCold    . . .     Gourm    .   (no shield)
rNeg     . . .     Faith    .   b - +0 leather armour
rPois    +         Spirit   .   (no helmet)
rElec    .         Reflect  .   e - +0 cloak
rCorr    .         Harm     .   (no gloves)
MR       .....                  (no boots)
Stlth    +.........             (no amulet)
HPRegen  0.11/turn              k - ring of poison resistance
MPRegen  0.10/turn              (no ring)

@: infused (expiring), slow
A: +LOS, swims, fire resistance 1, slowness 1, weak 1, strong legs 1
a: Hop, Divine Energy, Renounce Religion


You were on level 3 of the Dungeon.
You worshipped Sif Muna.
Sif Muna was aware of your devotion.
You were not hungry.

You visited 1 branch of the dungeon, and saw 3 of its levels.

You collected 131 gold pieces.

Inventory:

Hand Weapons
 a - a +0 falchion (weapon)
Missiles
 f - 51 stones (quivered)
 i - 25 arrows
Armour
 b - a +0 leather armour (worn)
 e - a +0 cloak (worn)
Jewellery
 h - an uncursed amulet of regeneration {unknown}
 k - a ring of poison resistance (left hand)
Potions
 c - a potion of mutation
 g - a potion of degeneration
Comestibles
 d - 3 rations


   Skills:
 + Level 3.0 Fighting
 + Level 4.1 Long Blades
 + Level 1.9 Armour
 + Level 2.5 Dodging
 + Level 0.4 Stealth
 + Level 2.5 Spellcasting
 + Level 3.7 Charms
 + Level 0.1 Translocations


You had 5 spell levels left.
You knew the following spells:

 Your Spells              Type           Power        Failure   Level  Hunger
a - Infusion              Chrm           ##..         7%          1    #......
b - Shroud of Golubria    Chrm/Tloc      #.........   22%         2    ###....

Your spell library contained the following spells:

 Spells                   Type           Power        Failure   Level  Hunger
 Regeneration             Chrm/Necr      #.........   41%         3    ###....
 Song of Slaying          Chrm           ##......     11%         2    ###....
 Spectral Weapon          Hex/Chrm       #.......     41%         3    ###....


Dungeon Overview and Level Annotations

Branches:
Dungeon (3/15)

Altars:
Sif Muna

Annotations:
D:3 Sigmund


Innate Abilities, Weirdness & Mutations

Shadows flee at your approach. (+LOS)
You can swim through water.
You cover ground slowly.
You can hop short distances.
Your flesh is heat resistant. (rF+)
You are weak. (Str -2)


Message History

You barely miss something.
You hear some strange, mumbled words.
Something tries to affect you, but you resist.
Casting: Infusion (safe; 7% risk of failure)
Confirm with . or Enter, or press ? or * to list all spells.
You begin infusing your attacks with magical energy.
Something hits you but does no damage.
You closely miss something. Something hits you but does no damage.
You barely miss something. Something hits you!
You miss something. You closely miss something. Something barely misses you.
You hit something. Something hits you.
You completely miss something. You barely miss something.
Your magical infusion is running out.
Something hits you!
You miss something. Something hits you.
* * * LOW HITPOINT WARNING * * *
You hit something. Something hits you!
You die...

######. .......
##.....##
##.......##
####.........#
..'.........+
#.........#
#...{...# #..@..#
##...## ##'## #.#
#.# ##.## ##...##
# ##.....#
..#.#.....#######


There were no monsters in sight!

Vanquished Creatures
  Robin (D:3)
  An adder (D:2)
  2 oozes (D:2)
  2 worms (D:2)
  A leopard gecko (D:1)
  8 bats
  3 giant cockroaches (D:2)
  12 goblins
  8 hobgoblins
  4 jackals (D:2)
  4 frilled lizards
  5 kobolds
  4 rats
55 creatures vanquished.

Notes
Turn   | Place    | Note
-------+----------+-------------------------------------------
     0 | D:1      | Sqgman the Barachi Skald began the quest for the Orb.
     0 | D:1      | Reached XP level 1. HP: 17/17 MP: 3/3
     6 | D:1      | Noticed a worker ant
     6 | D:1      | Noticed a komodo dragon
     8 | D:1      | Noticed an ettin
     8 | D:1      | Noticed a hell rat
   541 | D:1      | Reached XP level 2. HP: 16/23 MP: 5/5
  1669 | D:2      | Learned a level 2 spell: Shroud of Golubria
  1702 | D:2      | Found a faded altar of an unknown god.
  1755 | D:2      | Reached XP level 3. HP: 25/28 MP: 6/6
  1937 | D:2      | Became a worshipper of Sif Muna the Loreminder
  1937 | D:2      | Reached * piety under Sif Muna
  2016 | D:2      | Reached skill level 3 in Long Blades
  2182 | D:2      | Reached XP level 4. HP: 9/34 MP: 0/7
  2484 | D:2      | Gained mutation: You are weak. (Str -2) [potion of mutation]
  2484 | D:2      | Gained mutation: Your flesh is heat resistant. (rF+) [potion of mutation]
  2515 | D:3      | Noticed Robin
  2649 | D:3      | Killed Robin
  2649 | D:3      | Reached skill level 4 in Long Blades
  3160 | D:3      | Noticed Sigmund
  3178 | D:3      | Slain by Sigmund

Skill      XL: |  1  2  3  4 |
---------------+-------------+-----
Long Blades    | 3 4 |  4.1
Fighting       | 3 |  3.0
Armour         | |  1.9
Dodging        | |  2.5
Stealth        | |  0.4
Spellcasting   | |  2.5
Charms         | |  3.7
Translocations | |  0.1

Action                   |  1- 3 |  4- 6 || total
-------------------------+-------+-------++-------
Melee: Falchion          |   133 |    66 ||   199
Throw: Stone             |    10 |     6 ||    16
 Cast: Infusion          |     6 |     5 ||    11
       Shroud of Golubri |     2 |       ||     2
 Abil: Hop               |     1 |     1 ||     2
  Use: Scroll            |     2 |     1 ||     3
       Potion            |     1 |     3 ||     4
  Eat: Ration            |     2 |       ||     2
       Chunk             |       |     2 ||     2
Armor: Leather armour    |    77 |    21 ||    98
Dodge: Dodged            |   138 |    60 ||   198
       Rpst.: Falchion   |    40 |    20 ||    60
